ITL
PORTLAND PRIVATEERS @ INDIANA HOUNDS
07/06/2027
 
TOP OF THE 1ST
Portland Privateers batting - Pitching for Indiana Hounds : LHP Tatsui Tanaka
Pitching: LHP Tatsui Tanaka
Batting: SHB Patrick Larson 0-0: Ball
1-0: Ball
2-0: Foul Ball, location: 2F
2-1: Reached on error, E3 (Groundball, 34)
Batting: RHB Carlos Castro 0-0: Called Strike
0-1: Ball
1-1: Ball
2-1: Called Strike
2-2: Reached on error, E8 (Flyball, 8RD)
Patrick Larson to third
Batting: LHB Juan Acotia 0-0: SINGLE (Groundball, 2R) (infield hit)
Patrick Larson scores
Carlos Castro to third
Batting: LHB Yasuhiko Onodera 0-0: Ball
1-0: Foul Ball, location: 2F
1-1: Ball
2-1: Fly out, F7 (Flyball, 78XD)
Runner from 3rd tags up, SCORES, no throw
Batting: RHB Troy Lau 0-0: Foul Ball, location: 2F
0-1: Ball
1-1: Ball
2-1: Ball
3-1: Called Strike
3-2: DOUBLE (Line Drive, 8LXD)
Juan Acotia to third
Juan Acotia scores
Batting: RHB José Balina 0-0: Called Strike
0-1: Ball
1-1: Fly out, F4 (Popup, 4S)
Batting: LHB Jeff Dorney 0-0: Ball
1-0: Called Strike
1-1: Swinging Strike
1-2: Ball
2-2: Ball
3-2: Strikes out looking
Top of the 1st over - 3 run(s), 2 hit(s), 2 error(s), 1 left on base; Portland 3 - Indiana 0
BOTTOM OF THE 1ST
Indiana Hounds batting - Pitching for Portland Privateers : LHP Pedro Santana
Pitching: LHP Pedro Santana
Batting: RHB Howard Daniel 0-0: Called Strike
0-1: Foul Ball, location: 2F
0-2: SINGLE (Flyball, 89S)
Batting: RHB Doug Murray 0-0: Called Strike
0-1: Ball
1-1: Ball
2-1: Ball
3-1: Called Strike
3-2: Foul Ball, location: 2F
3-2: Ground out 4-3 (Groundball, 4S)
Howard Daniel to second
Batting: RHB Carlos Moya 0-0: Ball
1-0: Called Strike
1-1: Ball
2-1: Called Strike
2-2: Strikes out swinging
Batting: RHB Vicente Valentín 0-0: Foul Ball, location: 2F
0-1: Ball
1-1: Ball
2-1: Ball
Wild Pitch!
Howard Daniel to third
3-1: Foul Ball, location: 2F
3-2: Base on Balls
Batting: RHB Danny Walker Pickoff Throw to First - Out!
Bottom of the 1st over - 0 run(s), 1 hit(s), 0 error(s), 0 left on base; Portland 3 - Indiana 0
TOP OF THE 2ND
Portland Privateers batting - Pitching for Indiana Hounds : LHP Tatsui Tanaka
Batting: LHB Dillon Beck 0-0: Called Strike
0-1: Swinging Strike
0-2: Ground out 5-3 (Groundball, 5)
Batting: RHB Santiago Zambrano 0-0: Called Strike
0-1: Foul Ball, location: 2F
0-2: Ground out U3 (Groundball, 34)
Batting: SHB Patrick Larson 0-0: Ball
1-0: Ball
2-0: DOUBLE (Line Drive, 89D)
Batting: RHB Carlos Castro 0-0: Ball
1-0: Fly out, F4 (Popup, 4D)
Top of the 2nd over - 0 run(s), 1 hit(s), 0 error(s), 1 left on base; Portland 3 - Indiana 0
BOTTOM OF THE 2ND
Indiana Hounds batting - Pitching for Portland Privateers : LHP Pedro Santana
Batting: RHB Danny Walker 0-0: Ball
1-0: Ball
2-0: Swinging Strike
2-1: Ball
3-1: Called Strike
3-2: Ground out 6-3 (Groundball, 6)
Batting: RHB Jeff Jones 0-0: Ball
1-0: Foul Ball, location: 2F
1-1: Called Strike
1-2: Ball
2-2: Ball
3-2: Foul Ball, location: 2F
3-2: Foul Ball, location: 2F
3-2: SINGLE (Groundball, 6D)
Batting: RHB Juan Brito 0-0: Fielders Choice at 2nd, 1-4 (Groundball, 15)
Batting: LHB Dave Helásquez 0-0: Ball
1-0: Called Strike
1-1: Ball
2-1: Foul Ball, location: 2F
2-2: Foul Ball, location: 2F
2-2: Fielders Choice at 2nd, 6-4 (Groundball, 6)
Bottom of the 2nd over - 0 run(s), 1 hit(s), 0 error(s), 0 left on base; Portland 3 - Indiana 0
TOP OF THE 3RD
Portland Privateers batting - Pitching for Indiana Hounds : LHP Tatsui Tanaka
Batting: LHB Juan Acotia 0-0: Called Strike
0-1: Ball
1-1: Ball
2-1: Called Strike
2-2: Strikes out swinging
Batting: LHB Yasuhiko Onodera 0-0: Ball
1-0: Ball
2-0: Foul Ball, location: 2F
2-1: Hit by Pitch
Batting: RHB Troy Lau 0-0: Ball
1-0: Called Strike
1-1: Ball
2-1: Swinging Strike
2-2: Strikes out swinging
Batting: RHB José Balina 0-0: Ball
1-0: Swinging Strike
1-1: Called Strike
1-2: Ball
2-2: Ball
3-2: Base on Balls
Yasuhiko Onodera to second
Batting: LHB Jeff Dorney 0-0: Fly out, F8 (Flyball, 89M)
Top of the 3rd over - 0 run(s), 0 hit(s), 0 error(s), 2 left on base; Portland 3 - Indiana 0
BOTTOM OF THE 3RD
Indiana Hounds batting - Pitching for Portland Privateers : LHP Pedro Santana
Batting: RHB Octávio Marín 0-0: Called Strike
0-1: SINGLE (Groundball, 4) (infield hit)
Batting: RHB Howard Daniel 0-0: Called Strike
Octávio Marín is caught stealing 2nd base
0-1: Fly out, F3 (Popup, 3L)
Batting: RHB Doug Murray 0-0: Ball
1-0: TRIPLE (Line Drive, 9LM)
Batting: RHB Carlos Moya 0-0: Swinging Strike
0-1: Called Strike
0-2: Ball
1-2: Reached on error, E4 (Groundball, 4)
Doug Murray scores
Batting: RHB Vicente Valentín 0-0: Called Strike
0-1: Ball
1-1: Swinging Strike
1-2: Strikes out swinging
Bottom of the 3rd over - 1 run(s), 2 hit(s), 1 error(s), 1 left on base; Portland 3 - Indiana 1
TOP OF THE 4TH
Portland Privateers batting - Pitching for Indiana Hounds : LHP Tatsui Tanaka
Batting: LHB Dillon Beck 0-0: Ball
1-0: Called Strike
1-1: Ball
2-1: Foul Ball, location: 2F
2-2: Ball
3-2: SINGLE (Line Drive, 8LS)
Batting: RHB Santiago Zambrano 0-0: Foul Ball, location: 2F
0-1: Called Strike
0-2: Ball
1-2: Ball
2-2: Fly out, F4 (Line Drive, 4MD)
Batting: SHB Patrick Larson 0-0: Ball
1-0: Ball
2-0: SINGLE (Line Drive, 4MD)
Dillon Beck to second
Batting: RHB Carlos Castro 0-0: Ball
1-0: Swinging Strike
1-1: 3-RUN HOME RUN (Flyball, 78XD), Distance : 388 ft
Pitching: RHP Teddy Mathews
Batting: LHB Juan Acotia 0-0: Foul Ball, location: 2F
0-1: Called Strike
0-2: Strikes out looking
Batting: LHB Yasuhiko Onodera 0-0: Ball
1-0: SOLO HOME RUN (Flyball, 89XD), Distance : 386 ft
Batting: RHB Troy Lau 0-0: Ball
1-0: Foul Ball, location: 2F
1-1: Ground out 5-3 (Groundball, 56S)
Top of the 4th over - 4 run(s), 4 hit(s), 0 error(s), 0 left on base; Portland 7 - Indiana 1
BOTTOM OF THE 4TH
Indiana Hounds batting - Pitching for Portland Privateers : LHP Pedro Santana
Batting: RHB Danny Walker 0-0: Ball
1-0: DOUBLE (Line Drive, 78D)
Batting: RHB Jeff Jones 0-0: Ball
1-0: Ball
2-0: Ball
3-0: Base on Balls
Batting: RHB Juan Brito 0-0: Called Strike
0-1: Ball
1-1: Swinging Strike
1-2: Foul Ball, location: 2F
1-2: Foul Ball, location: 2F
1-2: Ball
2-2: Fly out, F7 (Flyball, 7)
Batting: LHB Dave Helásquez 0-0: Fielders Choice at 2nd, 3-6 (Groundball, 34)
Danny Walker to third
Batting: RHB Octávio Marín 0-0: Swinging Strike
0-1: SINGLE (Line Drive, 4MD)
Danny Walker scores
Dave Helásquez to second
Batting: RHB Howard Daniel 0-0: Ball
1-0: Ball
2-0: Called Strike
2-1: Reached on error, E4 (Groundball, 4)
Dave Helásquez to third
Octávio Marín to second
Batting: RHB Doug Murray 0-0: Ball
1-0: Ball
Wild Pitch!
Dave Helásquez scores
Octávio Marín to third
Howard Daniel to second
2-0: Called Strike
2-1: SINGLE (Line Drive, 6MD)
Octávio Marín scores
Howard Daniel to third
Runner from 3rd tries for Home, SAFE, no throw
Batting: RHB Carlos Moya 0-0: Called Strike
0-1: Ball
1-1: Ball
2-1: Ball
3-1: Called Strike
3-2: Strikes out swinging
Bottom of the 4th over - 4 run(s), 3 hit(s), 1 error(s), 1 left on base; Portland 7 - Indiana 5
TOP OF THE 5TH
Portland Privateers batting - Pitching for Indiana Hounds : RHP Teddy Mathews
Batting: RHB José Balina 0-0: Bunted foul
0-1: Foul Ball, location: 2F
0-2: Ball
1-2: DOUBLE (Line Drive, 78D)
Batting: LHB Jeff Dorney 0-0: Swinging Strike
0-1: Ball
1-1: Foul Ball, location: 2F
1-2: Ball
2-2: Foul Ball, location: 2F
2-2: Ball
3-2: Foul Ball, location: 2F
3-2: Strikes out swinging
Batting: LHB Dillon Beck 0-0: Called Strike
0-1: SINGLE (Line Drive, 78S)
José Balina to third
Runner from 3rd tries for Home, SAFE, no throw
Batting: RHB Santiago Zambrano 0-0: Called Strike
0-1: Ball
1-1: Foul Ball, location: 2F
1-2: Ball
2-2: Foul Ball, location: 2F
2-2: Strikes out looking
Batting: SHB Patrick Larson 0-0: Called Strike
0-1: Foul Ball, location: 2F
0-2: Ball
1-2: Fly out, F7 (Flyball, 7LSF)
Top of the 5th over - 1 run(s), 2 hit(s), 0 error(s), 1 left on base; Portland 8 - Indiana 5
BOTTOM OF THE 5TH
Indiana Hounds batting - Pitching for Portland Privateers : LHP Pedro Santana
Batting: RHB Vicente Valentín 0-0: Ball
1-0: Foul Ball, location: 2F
1-1: Called Strike
1-2: Strikes out looking
Batting: RHB Danny Walker 0-0: Ball
1-0: Ball
2-0: Ball
3-0: Base on Balls
Batting: RHB Jeff Jones 0-0: SINGLE (Line Drive, 6)
Danny Walker to second
Batting: RHB Juan Brito 0-0: Swinging Strike
0-1: Ball
1-1: Fly out, F8 (Line Drive, 78D)
Batting: LHB Dave Helásquez 0-0: Foul Ball, location: 2F
0-1: SINGLE (Groundball, 5D)
Danny Walker to third
Jeff Jones to second
Runner from 3rd tries for Home, SAFE, no throw
Pitching: RHP Ricardo Ontiveros
Batting: RHB Octávio Marín 0-0: Called Strike
0-1: Swinging Strike
0-2: Strikes out swinging
Bottom of the 5th over - 1 run(s), 2 hit(s), 0 error(s), 2 left on base; Portland 8 - Indiana 6
TOP OF THE 6TH
Portland Privateers batting - Pitching for Indiana Hounds : RHP Teddy Mathews
Pitching: RHP Enrique Gómez
Batting: RHB Carlos Castro 0-0: Fly out, F8 (Line Drive, 8RD)
Batting: LHB Juan Acotia 0-0: Called Strike
0-1: Ball
1-1: Ball
2-1: Called Strike
2-2: Strikes out looking
Batting: LHB Yasuhiko Onodera 0-0: Foul Ball, location: 2F
0-1: Fly out, F9 (Flyball, 89M)
Top of the 6th over - 0 run(s), 0 hit(s), 0 error(s), 0 left on base; Portland 8 - Indiana 6
BOTTOM OF THE 6TH
Indiana Hounds batting - Pitching for Portland Privateers : RHP Ricardo Ontiveros
Batting: RHB Howard Daniel 0-0: Called Strike
0-1: Swinging Strike
0-2: Strikes out looking
Batting: RHB Doug Murray 0-0: Ball
1-0: Foul Ball, location: 2F
1-1: Called Strike
1-2: Ball
2-2: Foul Ball, location: 2F
2-2: Strikes out looking
Batting: RHB Carlos Moya 0-0: Ball
1-0: Ball
2-0: Called Strike
2-1: Ground out 1-3 (Groundball, 13)
Bottom of the 6th over - 0 run(s), 0 hit(s), 0 error(s), 0 left on base; Portland 8 - Indiana 6
TOP OF THE 7TH
Portland Privateers batting - Pitching for Indiana Hounds : RHP Enrique Gómez
Batting: RHB Troy Lau 0-0: Ball
1-0: Ball
2-0: Called Strike
2-1: SINGLE (Groundball, 34D)
Batting: RHB José Balina 0-0: Ball
1-0: Bunted foul
1-1: Sac Bunt - play at first, batter OUT! 1-4
Troy Lau to second
Pitching: RHP Kitahachi Okada
Batting: LHB Jeff Dorney 0-0: Called Strike
0-1: DOUBLE (Line Drive, 9LM)
Troy Lau scores
Batting: LHB Dillon Beck 0-0: Intentional Walk
Batting: RHB Santiago Zambrano 0-0: Called Strike
0-1: Ball
1-1: Swinging Strike
1-2: Ball
2-2: Ball
3-2: Strikes out swinging
Batting: SHB Patrick Larson 0-0: Fly out, F7 (Flyball, 7)
Top of the 7th over - 1 run(s), 2 hit(s), 0 error(s), 2 left on base; Portland 9 - Indiana 6
BOTTOM OF THE 7TH
Indiana Hounds batting - Pitching for Portland Privateers : RHP Ricardo Ontiveros
Batting: RHB Vicente Valentín 0-0: Ball
1-0: Foul Ball, location: 2F
1-1: Ball
2-1: Ball
3-1: Base on Balls
Batting: RHB Danny Walker 0-0: Ball
1-0: Swinging Strike
1-1: Foul Ball, location: 2F
1-2: Ball
2-2: Foul Ball, location: 2F
2-2: Strikes out swinging
Batting: RHB Jeff Jones 0-0: Foul Ball, location: 2F
0-1: Ball
1-1: Ball
2-1: Swinging Strike
2-2: Ball
3-2: Fly out, F7 (Flyball, 7)
Batting: RHB Juan Brito 0-0: Ball
1-0: Called Strike
1-1: Ball
2-1: Foul Ball, location: 2F
2-2: Ball
3-2: Base on Balls
Vicente Valentín to second
Batting: LHB Dave Helásquez 0-0: Ball
1-0: Foul Ball, location: 2F
1-1: Foul Ball, location: 2F
1-2: Strikes out swinging
Bottom of the 7th over - 0 run(s), 0 hit(s), 0 error(s), 2 left on base; Portland 9 - Indiana 6
TOP OF THE 8TH
Portland Privateers batting - Pitching for Indiana Hounds : RHP Kitahachi Okada
Batting: RHB Carlos Castro 0-0: Foul Ball, location: 2F
0-1: Ball
1-1: Ball
2-1: Ball
3-1: Foul Ball, location: 2F
3-2: Strikes out swinging
Batting: LHB Juan Acotia 0-0: Called Strike
0-1: Ball
1-1: Foul Ball, location: 2F
1-2: SINGLE (Line Drive, 8LS)
Batting: LHB Yasuhiko Onodera 0-0: Called Strike
0-1: Ball
1-1: Called Strike
Juan Acotia is caught stealing 2nd base
1-2: Strikes out swinging
Top of the 8th over - 0 run(s), 1 hit(s), 0 error(s), 0 left on base; Portland 9 - Indiana 6
BOTTOM OF THE 8TH
Indiana Hounds batting - Pitching for Portland Privateers : RHP Ricardo Ontiveros
Pitching: LHP Wilbert Cooper
Batting: RHB Octávio Marín 0-0: Ball
1-0: Ball
2-0: Swinging Strike
2-1: Ball
3-1: Foul Ball, location: 2F
3-2: SINGLE (Groundball, 4MD)
Pitching: RHP Cade Baird
Batting: RHB Howard Daniel 0-0: Fly out, F9 (Flyball, 9)
Batting: RHB Doug Murray 0-0: Foul Ball, location: 2F
0-1: Reached on error, E9 (Flyball, 9)
Octávio Marín to second
Batting: RHB Carlos Moya 0-0: Called Strike
0-1: Ball
1-1: Swinging Strike
1-2: Ball
2-2: Ball
3-2: Foul Ball, location: 2F
3-2: Strikes out looking
Batting: RHB Vicente Valentín 0-0: Ground out U3 (Groundball, 34S)
Bottom of the 8th over - 0 run(s), 1 hit(s), 1 error(s), 2 left on base; Portland 9 - Indiana 6
TOP OF THE 9TH
Portland Privateers batting - Pitching for Indiana Hounds : RHP Kitahachi Okada
Batting: RHB Troy Lau 0-0: Ball
1-0: Ball
2-0: Foul Ball, location: 2F
2-1: Swinging Strike
2-2: Strikes out swinging
Batting: RHB José Balina 0-0: Ball
1-0: Ball
2-0: Ball
3-0: Base on Balls
Batting: LHB Jeff Dorney 0-0: Foul Ball, location: 2F
0-1: Ball
1-1: Called Strike
1-2: Ball
2-2: Ball
3-2: Strikes out looking
Batting: LHB Dillon Beck 0-0: Foul Ball, location: 2F
0-1: Swinging Strike
0-2: Ball
1-2: Strikes out swinging
Top of the 9th over - 0 run(s), 0 hit(s), 0 error(s), 1 left on base; Portland 9 - Indiana 6
BOTTOM OF THE 9TH
Indiana Hounds batting - Pitching for Portland Privateers : RHP Cade Baird
Pitching: LHP Alfredo González
Batting: RHB Danny Walker 0-0: Ball
1-0: Ball
2-0: Foul Ball, location: 2F
2-1: Called Strike
2-2: Foul Ball, location: 2F
2-2: Strikes out swinging
Batting: RHB Jeff Jones 0-0: Ball
1-0: Ball
2-0: Swinging Strike
2-1: Foul Ball, location: 2F
2-2: Ball
3-2: Fly out, F8 (Line Drive, 8RS)
Batting: RHB Juan Brito 0-0: Called Strike
0-1: Ball
1-1: Swinging Strike
1-2: Foul Ball, location: 2F
1-2: Ball
2-2: Foul Ball, location: 2F
2-2: Foul Ball, location: 2F
2-2: SOLO HOME RUN (Flyball, 89XD), Distance : 389 ft
Batting: LHB Dave Helásquez 0-0: Called Strike
0-1: Ball
1-1: Called Strike
1-2: Strikes out swinging
Bottom of the 9th over - 1 run(s), 1 hit(s), 0 error(s), 0 left on base; Portland 9 - Indiana 7
Thursday, March 30th, 2017 - OOTP Baseball 17.12 Build 75